 Dungeon Crawl Stone Soup version 0.21.1-1-g345015f (webtiles) character file.

149 Kagorn the Poker (level 5, -5/47 HPs)
             Began as a Minotaur Berserker on June 3, 2018.
             Was a Believer of Trog.
             Slain by Iko's ghost (8 damage)
             ... while paralysed
             ... on level 3 of the Dungeon.
             The game lasted 00:41:18 (1763 turns).

Kagorn the Poker (Minotaur Berserker)               Turns: 1763, Time: 00:41:19

Health: -5/47      AC: 12    Str: 22    XL:     5   Next: 9%
Magic:  4/4        EV:  2    Int:  4    God:    Trog [**....]
Gold:   88         SH:  0    Dex: 10    Spells: 4/4 levels left

rFire    . . .     SeeInvis .   a - +0 spear
rCold    . . .     Gourm    .   m - +0 buckler
rNeg     . . .     Faith    .   n - +0 plate armour
rPois    .         Spirit   .   (helmet restricted)
rElec    .         Reflect  .   (no cloak)
rCorr    .         Harm     .   (no gloves)
MR       .....                  j - +0 pair of boots
Stlth    ..........             (no amulet)
HPRegen  0.15/turn              (no ring)
MPRegen  0.09/turn              (no ring)

@: paralysed, fainting
A: retaliatory headbutt, horns 2
a: Berserk, Trog's Hand, Burn Spellbooks, Renounce Religion


You were on level 3 of the Dungeon.
You worshipped Trog.
Trog was pleased with you.
You were fainting.

You visited 1 branch of the dungeon, and saw 3 of its levels.

You collected 88 gold pieces.

Inventory:

Hand Weapons
 a - a +0 spear (weapon)
Missiles
 e - 3 javelins (quivered)
Armour
 j - a +0 pair of boots (worn)
 m - a +0 buckler (worn)
 n - a +0 plate armour (worn)
Scrolls
 b - a scroll of remove curse {unknown}
 f - 3 scrolls of enchant weapon {unknown}
 h - 2 scrolls of fear {unknown}
 i - a scroll of enchant armour {unknown}
 k - a scroll of fog {unknown}
 l - a scroll of identify {unknown}
Potions
 d - a potion of degeneration {unknown}
 g - 2 potions of curing {unknown}
 o - a potion of flight {unknown}
 p - a potion of mutation {unknown}
 q - a potion of berserk rage {unknown}
Comestibles
 c - 3 rations


   Skills:
 + Level 4.6 Fighting
 + Level 5.0 Polearms
 + Level 3.2 Armour
 + Level 3.0 Dodging
 + Level 1.0 Stealth
 * Level 0.9 Shields


You had 4 spell levels left.
You didn't know any spells.

Dungeon Overview and Level Annotations

Branches:
Dungeon (3/15)

Altars:
Nemelex Xobeh

Annotations:
D:3 Iko's ghost, weakling OpGl


Innate Abilities, Weirdness & Mutations

You reflexively headbutt those who attack you in melee.
You have a pair of horns on your head.


Message History

Iko's ghost is lightly damaged.
Iko's ghost hits you but does no damage.
You barely miss Iko's ghost.
Iko's ghost is lightly damaged.
You block Iko's ghost's attack.
You hit Iko's ghost.
Iko's ghost is lightly damaged.
You are fainting from starvation!
You barely miss Iko's ghost. Your headbutt misses Iko's ghost.
Iko's ghost is lightly damaged.
Iko's ghost hits you.
* * * LOW HITPOINT WARNING * * *
You're too hungry.
You closely miss Iko's ghost.
Iko's ghost is lightly damaged.
You lose consciousness!
Iko's ghost says, "I'll split you in two!"
Iko's ghost hits you but does no damage.
Iko's ghost hits you!
You die...

..#####)#
#.......#
################.#
#................#
##
#.################
#.# #.# #.# #.# #
#.##########W# .#
##..........@#
#.###.############
#.#.## ###.##
....# #####


You could see Iko's ghost.

Vanquished Creatures
  A howler monkey (D:2)
  Terence (D:2)
  2 adders (D:2)
  4 oozes
  2 worms (D:2)
  2 dart slugs
  2 leopard geckos
  4 bats
  2 giant cockroaches (D:1)
  4 goblins
  6 hobgoblins
  A ball python (D:1)
  2 frilled lizards (D:2)
  3 kobolds
  4 rats
40 creatures vanquished.

Notes
Turn   | Place    | Note
-------+----------+-------------------------------------------
     0 | D:1      | Kagorn the Minotaur Berserker began the quest for the Orb.
     0 | D:1      | Reached XP level 1. HP: 19/19 MP: 0/0
    48 | D:1      | Reached XP level 2. HP: 13/27 MP: 1/1
    53 | D:1      | Reached skill level 4 in Polearms
   443 | D:1      | Reached XP level 3. HP: 33/33 MP: 2/2
   608 | D:1      | Reached ** piety under Trog
   736 | D:1      | You fall through a shaft!
  1109 | D:1      | Found a sparkling altar of Nemelex Xobeh.
  1283 | D:2      | Reached skill level 1 in Stealth
  1283 | D:2      | Reached XP level 4. HP: 35/41 MP: 3/3
  1563 | D:2      | Noticed Terence
  1570 | D:2      | Killed Terence
  1570 | D:2      | Reached skill level 5 in Polearms
  1570 | D:2      | Reached XP level 5. HP: 47/47 MP: 4/4
  1723 | D:3      | Noticed Iko's ghost (weakling OpGl)
  1761 | D:3      | HP: 2/47 [Iko's ghost (4)]
  1762 | D:3      | Paralysed by fainting for 8 turns
  1763 | D:3      | Slain by Iko's ghost

Skill      XL: |  1  2  3  4 |
---------------+-------------+-----
Polearms       | 4 5 |  5.0
Fighting       | 4 |  4.6
Armour         | 3 |  3.2
Dodging        | 3 |  3.0
Stealth        | 1 |  1.0
Shields        | |  0.9

Action                   |  1- 3 |  4- 6 || total
-------------------------+-------+-------++-------
Melee: Spear             |    79 |    45 ||   124
       Headbutt          |    15 |     7 ||    22
Invok: Berserk           |       |     1 ||     1
  Eat: Chunk             |     1 |       ||     1
Armor: Animal skin       |     9 |       ||     9
       Plate armour      |       |    19 ||    19
Dodge: Dodged            |    34 |    11 ||    45
Block: Buckler           |       |     7 ||     7
